 Dungeon Crawl Stone Soup version 0.31.0-4-g52a2dc7128 (console) character file.

Game seed: 17461969901351178242

100 AlterAsc the Changeling (level 4, -2/28 HPs)
             Began as an Octopode Shapeshifter on Jan 21, 2024.
             Slain by a gnoll
             ... wielding a +0 halberd
              (9 damage)
             ... on level 3 of the Dungeon.
             The game lasted 00:03:34 (1602 turns).

AlterAsc the Changeling (Octopode Shapeshifter)     Turns: 1602, Time: 00:03:34

Health: -2/28      AC:  1    Str: 13    XL:     4   Next: 73%
Magic:  4/4        EV: 13    Int: 12    God:
Gold:   53         SH:  0    Dex: 13    Spells: 3/3 levels left

rFire   . .          .
                       - Unarmed
rCold   . . .        (no shield)
rNeg    . . .        (helmet currently unavailable)
rPois   .            (no amulet)
rElec   .            (no ring)
rCorr   .            (no ring)
SInv    .            (no ring)
Will    .....        (no ring)
Stlth   ++           (no ring)
HPRegen 0.24/turn    (no ring)
MPRegen 0.09/turn    (no ring)
                     (no ring)

%: no passive effects
@: beast-form
A: beast (slay +2), almost no armour, amphibious, 8 rings, camouflage 1,
gelatinous body 1, (nimble swimmer 1), tentacles
a: Begin Untransformation


You were on level 3 of the Dungeon.
You were a hulking beast.
You visited 1 branch of the dungeon, and saw 3 of its levels.

You collected 108 gold pieces.
You spent 55 gold pieces at shops.

Inventory:

Missiles
 j - 9 stones (quivered)
Armour
 i - a +1 hat
Talismans
 b - a beast talisman
 c - a flux talisman
Scrolls
 f - 2 scrolls of identify
 g - 2 scrolls of teleportation
Potions
 a - 3 potions of lignification
 d - 3 potions of curing {unknown}
 e - a potion of degeneration {unknown}
 h - a potion of haste {unknown}


   Skills:
 - Level 1.0 Fighting
 - Level 2.0 Dodging
 - Level 3.0 Unarmed Combat
 + Level 5.0 Shapeshifting


You had 3 spell levels left.
You didn't know any spells.
Your spell library contained the following spells:

 Spells                   Type           Power      Damage    Failure   Level
 Magic Dart               Conj           0%         1d3       32%         1
 Blink                    Tloc           0%         N/A       45%         2
 Call Imp                 Summ           0%         N/A       45%         2
 Summon Forest            Summ/Tloc      0%         N/A       100%        5
 Malign Gateway           Summ/Tloc      0%         N/A       100%        7


Dungeon Overview and Level Annotations

Branches:
Dungeon (3/15)

Altars:

Shops:
D:1 ?


Innate Abilities, Weirdness & Mutations

You are a hulking beast.
Your limbs bulge with bestial killing power. (Slay +2)
You cannot wear most types of armour.
You are amphibious.
You can wear up to eight rings at the same time.
Your skin changes colour to match your surroundings (Stealth+).
Your rubbery body absorbs attacks. (AC +1, EV +1)
((You are camouflaged when in or above water. (Stealth+)))
You have tentacles for arms and can constrict up to eight enemies at once.


Message History

You kill the dart slug!
Found a spear.
The helpless endoplasm fails to defend itself.
You tentacle-slap the endoplasm.
You kill the endoplasm!
You see here a +0 spear.
You open the door.
There is an open door here.
Found a stone staircase leading down.
A kobold comes into view. It is wielding a +0 club.
A gnoll and a hobgoblin come into view.
The kobold shouts!
The hobgoblin shouts!
You hear a shout! x2
A gnoll comes into view. It is wielding a +0 halberd.
The gnoll shouts!
You hear a shout!
You closely miss the kobold. You grab the kobold. You squeeze the kobold.
You kill the kobold!
The hobgoblin barely misses you.
You barely miss the hobgoblin. You grab the hobgoblin.
You squeeze the hobgoblin.
The hobgoblin is almost dead.
You constrict the hobgoblin, but do no damage.
The hobgoblin hits you.
You release your grip on the hobgoblin.
The gnoll closely misses you.
The hobgoblin attacks as it pursues you!
The hobgoblin hits you. The gnoll attacks as it pursues you!
The gnoll completely misses you.
You tentacle-slap the gnoll but do no damage.
You grab the gnoll. You squeeze the gnoll!
The gnoll is heavily wounded.
You constrict the gnoll. The gnoll hits you with a +0 flail!
You tentacle-slap the gnoll.
You kill the gnoll!
A gnoll comes into view. It is wielding a +0 whip.
Your Shapeshifting skill increases to level 5!
You tentacle-slap the hobgoblin.
You kill the hobgoblin!
The gnoll hits you from afar with a +0 halberd!
* * * LOW HITPOINT WARNING * * *
The gnoll attacks as it pursues you!
The gnoll hits you from afar with a +0 halberd!
You die...

#.............. ..
###'#+###.####### .#
#......##.#########.#
#......##...........#
#.....).............#
#...................#
#......###.........###.## #
#.........g.g...#.........
#......g#######.#g#####.###
#.......#.....#.#)#........
#.......#.###h#.#..........
#.......#..<#.#.>..).......
#.......#####g#.#.##.......
#.......g.....#.#.# .......
#......########.#.. ..g....
#........ ### .......
###+###### ....... #.
....... #. #


You could see a gnoll.

Vanquished Creatures
  A gnoll (D:3)
  5 adders (D:2)
  3 ribbon worms (D:2)
  A dart slug (D:3)
  6 endoplasms
  2 giant cockroaches
  5 hobgoblins
  A quokka (D:1)
  2 ball pythons
  2 bats (D:2)
  A frilled lizard (D:2)
  4 kobolds
  4 rats (D:2)
37 creatures vanquished.

Notes
Turn   | Place    | Note
-------+----------+-------------------------------------------
     0 | D:1      | AlterAsc the Octopode Shapeshifter began the quest for the
                  | Orb.
     0 | D:1      | Reached XP level 1. HP: 13/13 MP: 1/1
   171 | D:1      | Found Bagem's Magic Scroll Boutique.
   179 | D:1      | Bought a scroll of identify for 22 gold pieces
   179 | D:1      | Bought a scroll of teleportation for 33 gold pieces
   368 | D:1      | Reached XP level 2. HP: 17/18 MP: 2/2
   815 | D:2      | Reached skill level 4 in Shapeshifting
   815 | D:2      | Reached XP level 3. HP: 14/23 MP: 3/3
   925 | D:2      | Reached XP level 4. HP: 26/28 MP: 4/4
  1421 | D:3      | Got Bin Cahi's Guide on Direction
  1577 | D:3      | Reached skill level 5 in Shapeshifting
  1602 | D:3      | Slain by a gnoll

Illustrated notes

Levels and vault maps discovered:
D:1:      zelgadis_glass_arrival_small, layout_loops_ring, serial_shops,
          nicolae_shop_competitors_out_of_business, minmay_curled_crystal
D:2:      layout_basic, nicolae_half_adder
D:3:      kennysheep_slugbush, layout_basic, mainiacjoe_overflow_cross_hatched,
          nzn_hepliaklqana_mist_gate, bloody_makhleb,
          hellmonk_ecumenical_altar_prayer_group

Skill      XL: |  1  2  3  4 |
---------------+-------------+-----
Shapeshifting  | 4 5 |  5.0
Fighting       | |  1.0
Dodging        | |  2.0
Unarmed Combat | |  3.0

Action                     |  1- 3 |  4- 6 || total
---------------------------+-------+-------++-------
  Melee: Unarmed           |    40 |    30 ||    70
         Tentacles         |     9 |    11 ||    20
         Constrict         |    11 |     8 ||    19
         Punch             |     1 |       ||     1
   Stab: Sleeping          |     8 |     2 ||    10
 Armour: Skin              |     9 |    18 ||    27
  Dodge: Dodged            |    21 |    20 ||    41
